 Dungeon Sprint DCSS version 0.30.0-19-g36f170ea60 (webtiles) character file.

Game seed: 3179247225820694214

18000000 Groucho the Archmage (level 27, -59/228 HPs)
             Began as a Djinni Warper on May 27, 2023.
             Was the Champion of Makhleb.
             Annihilated by a meat berserker
             ... wielding a +9 battleaxe
              (63 damage)
             ... in the Dungeon (Sprint VIII: "Arena of Blood").
             The game lasted 00:07:24 (180 turns).

Groucho the Archmage (Djinni Warper)                 Turns: 180, Time: 00:07:25

Health: -59/228    AC:  6    Str: 10    XL:     27
Gold:   0          EV: 31    Int: 22    God:    Makhleb [******] SH:  0 Dex: 20

rFire   + + +        i - +∞ Axe of Woe
rCold   x . .        (shield currently unavailable)
rNeg    . . .        b - +0 leather armour
rPois   ∞            (no helmet)
rElec   .            (no cloak)
rCorr   .            (no gloves)
SInv    +            (boots unavailable)
Will    ++...        (no amulet)
Stlth   ++++++++++   k - ring of see invisible
HPRegen 0.58/turn    l - ring of protection from fire
MPRegen 0.00/turn

%: no teleportation, infuse magic (-60 HP)
@: flying, slowed, very slow
A: sickness immunity, fire resistance 2, cold vulnerability 1, float, innate
caster, HP casting, extra vitality 1
a: Renounce Religion, Minor Destruction, Lesser Servant of Makhleb, Major
Destruction, Greater Servant of Makhleb


You were in the Dungeon.
You worshipped Makhleb.
Makhleb was exalted by your worship.
You visited 1 branch

Inventory:

Hand Weapons
 a - a +0 hand axe
 i - the +∞ Axe of Woe (weapon)
   (You found it in the Dungeon)
Missiles
 d - 7 boomerangs of dispersal
Armour
 b - a +0 leather armour (worn)
Jewellery
 j - a +30 ring of slaying
 k - a ring of see invisible (left hand)
 l - a ring of protection from fire (right hand)
 m - a +400 ring of slaying
 n - a +200 ring of slaying
 o - a +130 ring of slaying
 p - a +250 ring of slaying
 q - a +400 ring of slaying
 r - a +250 ring of slaying
 s - a +400 ring of slaying
 t - a +30 ring of slaying
Scrolls
 c - 2 scrolls of blinking
Potions
 e - a potion of curing
 f - a potion of heal wounds
 g - a potion of haste
 h - a potion of berserk rage


   Skills:
 O Level 27 Fighting
 O Level 27 Short Blades
 O Level 27 Long Blades
 O Level 27 Axes
 O Level 27 Maces & Flails
 O Level 27 Polearms
 O Level 27 Staves
 O Level 27 Ranged Weapons
 O Level 27 Throwing
 O Level 27 Armour
 O Level 27 Dodging
 O Level 27 Stealth
 O Level 27 Shields
 O Level 27 Unarmed Combat
 O Level 27 Spellcasting
 O Level 27 Invocations
 O Level 27 Evocations


You knew the following spells:

 Your Spells              Type           Power      Damage    Failure   Level
a - Blink                 Tloc           100%       N/A       0%          2
b - Lesser Beckoning      Tloc           100%       N/A       0%          2
c - Vhi's Electric Charg  Tloc/Air       100%       N/A       0%          3
d - Teleport Other        Tloc           99%        N/A       0%          3
e - Manifold Assault      Tloc           99%        N/A       0%          4
f - Shock                 Conj/Air       100%       1d9       0%          1
g - Wereblood             Tmut           99%        N/A       0%          2
h - Frozen Ramparts       Ice            100%       1d16      0%          3
i - Leda's Liquefaction   Hex/Erth       49%        N/A       0%          4
j - Iskenderun's Battles  Conj           99%        2d15      0%          5
k - Freezing Cloud        Conj/Ice/Air   49%        6-21      0%          5
l - Death Channel         Necr           49%        N/A       0%          6
m - Enfeeble              Hex            49%        N/A       0%          7
n - Summon Cactus Giant   Summ           49%        N/A       0%          6
o - Disjunction           Tloc           49%        N/A       1%          8
p - Borgnjor's Revivific  Necr           49%        N/A       1%          8
q - Shatter               Erth           49%        3d38*     1%          9
r - Death's Door          Necr           49%        N/A       1%          9
Your spell library was empty.

Dungeon Overview and Level Annotations

Branches:
Dungeon (1/1)

Altars:
Makhleb


Innate Abilities, Weirdness & Mutations

You are immune to sickness and miasma.
You are immune to poison.
Your flesh is very heat resistant. (rF++)
You are vulnerable to cold. (rC-)
You float through the air rather than walking.
You learn spells naturally, not from books.
Your magical power is your life essence.
You have superior vitality. (+4 MHP)


Message History

You feel better.
You hear a shout! x3
The dread calls on the powers of darkness!
The bag of meat convulses! x2; The meat berserker convulses!
Your body is wracked with pain!
* * * LOW HITPOINT WARNING * * *
The observer convulses!
The bag of meat convulses! x2
The eight-headed meat hydra convulses!
The fleshlord convulses!
The eight-headed meat hydra convulses!
The scourge convulses!
The bag of meat convulses! x2; The fleshlord convulses!
The meat berserker convulses!
The eight-headed meat hydra convulses!
The eight-headed meat hydra calls on the powers of darkness!
The eight-headed meat hydra convulses!
The bag of meat convulses!
The fleshlord convulses!
The meat berserker convulses!
The scourge convulses!
The bag of meat convulses!
The eight-headed meat hydra convulses!
The fleshlord convulses!
The eight-headed meat hydra convulses!
The bag of meat convulses!
The observer convulses!
The bag of meat convulses! x2
The meat berserker convulses!
Your body is wracked with pain!
* * * LOW HITPOINT WARNING * * *
The bag of meat convulses!
The eight-headed meat hydra calls on the powers of darkness!
The eight-headed meat hydra convulses!
The fleshlord convulses!
The eight-headed meat hydra convulses!
The fleshlord convulses!
The bag of meat convulses!
The scourge convulses!
The bag of meat convulses! x3
The observer convulses!
The meat berserker convulses!
The bag of meat convulses!
Your body is wracked with pain!
* * * LOW HITPOINT WARNING * * *
The eight-headed meat hydra convulses! x2; The bag of meat convulses!
The eight-headed meat hydra calls on the powers of darkness!
The eight-headed meat hydra convulses!
The fleshlord convulses!
The eight-headed meat hydra convulses!
The bag of meat convulses!
The scourge convulses!
The fleshlord convulses!
The bag of meat convulses! x3
The eight-headed meat hydra convulses!
The bag of meat convulses!
The observer convulses!
The meat berserker convulses!
Your body is wracked with pain!
* * * LOW HITPOINT WARNING * * *
The eight-headed meat hydra convulses!
The bag of meat convulses!
You hear a shout!
The meat berserker hits you with a +9 battleaxe!!!
You die...

####W).....).W#
D.............#
..V.o.)#.)....#
.o..p......)W)#
. ..
)D)SD..#)))...#
.# )z).p..
..)...# ..#
....oo)##)))..#
..###.
.M.oG.O@D)....#
##......
W.)o)W###)))).#
_......
.))..)).).)...#
...#
..#.#))))))).)#
<._#..
.†.O.))))..)..#
...#..
.#.#.#)).)....#
_o.....
.....).).))...#
##......
..#.#)#.†#....#
)..)###.
....)..)#)....#


You could see an accursed, 4 eight-headed meat hydras, a destroyer, an observer
(fast, invisible), a scourge, 2 fleshlords, a sculptor of flesh, 3 dreads, a
meat berserker (berserk), a wretched soul (invisible) and 6 bags of meat.

Vanquished Creatures
  12 hell knights (D)
  6 hell beasts (D)
  5 royal mummies (D)
  9 great orbs of eyes (D)
  4 wraiths (D)
  Harold (D)
  17 vampire knights (D)
  44 ogres (D)
  9 two-headed ogres (D)
  5 liches (D)
  13 hydras (D)
  10 phantoms (D)
  83 orcs (D)
  7 skeletal warriors (D)
  8 sea snakes (D)
233 creatures vanquished.

Notes
Turn   | Place    | Note
-------+----------+-------------------------------------------
     0 | D        | Found the +∞ Axe of Woe
     0 | D        | Groucho the Djinni Warper began the quest for the Orb.
     0 | D        | Groucho set off with the following spells memorised: Blink,
                  | Lesser Beckoning, Vhi's Electric Charge, Teleport Other,
                  | Manifold Assault.
     0 | D        | Reached XP level 1. HP: 18/18 MP: 0/0
     2 | D        | Noticed a bag of meat
     4 | D        | Became a worshipper of Makhleb the Destroyer
     5 | D        | Noticed a bag of meat
     5 | D        | Noticed a bag of meat
     5 | D        | Noticed a meat berserker
     6 | D        | Noticed a bag of meat
     8 | D        | Killed a meat berserker
     8 | D        | Noticed a bag of meat
     8 | D        | Noticed a bag of meat
     8 | D        | Noticed a bag of meat
     8 | D        | Noticed a meat berserker
     9 | D        | Reached skill level 15 in Spellcasting
     9 | D        | Reached XP level 2. HP: 23/23 MP: 0/0
     9 | D        | Reached XP level 3. HP: 28/28 MP: 0/0
     9 | D        | Learned a level 1 spell: Shock
     9 | D        | Reached XP level 4. HP: 33/33 MP: 0/0
     9 | D        | Reached XP level 5. HP: 38/38 MP: 0/0
     9 | D        | Learned a level 2 spell: Wereblood
     9 | D        | Reached XP level 6. HP: 43/43 MP: 0/0
     9 | D        | Reached XP level 7. HP: 49/49 MP: 0/0
     9 | D        | Learned a level 3 spell: Frozen Ramparts
     9 | D        | Reached XP level 8. HP: 54/54 MP: 0/0
     9 | D        | Reached XP level 9. HP: 58/58 MP: 0/0
     9 | D        | Learned a level 4 spell: Leda's Liquefaction
     9 | D        | Reached XP level 10. HP: 64/64 MP: 0/0
     9 | D        | Reached XP level 11. HP: 68/68 MP: 0/0
     9 | D        | Learned a level 5 spell: Iskenderun's Battlesphere
     9 | D        | Reached XP level 12. HP: 74/74 MP: 0/0
     9 | D        | Killed a bag of meat
     9 | D        | Reached * piety under Makhleb
     9 | D        | Killed a bag of meat
     9 | D        | Noticed a bag of meat
     9 | D        | Noticed a bag of meat
    10 | D        | Reached XP level 13. HP: 78/78 MP: 0/0
    10 | D        | Learned a level 5 spell: Freezing Cloud
    10 | D        | Noticed a bag of meat
    10 | D        | Noticed a bag of meat
    11 | D        | Noticed a meat berserker
    11 | D        | Noticed a bag of meat
    11 | D        | Noticed a bag of meat
    12 | D        | Killed a bag of meat
    12 | D        | Killed a bag of meat
    12 | D        | Reached ** piety under Makhleb
    12 | D        | Killed a bag of meat
    12 | D        | Killed a bag of meat
    12 | D        | Noticed a meat berserker
    13 | D        | Reached XP level 14. HP: 85/85 MP: 0/0
    13 | D        | Reached XP level 15. HP: 89/89 MP: 0/0
    13 | D        | Learned a level 6 spell: Death Channel
    13 | D        | Killed a meat berserker
    13 | D        | Reached *** piety under Makhleb
    13 | D        | Noticed a large bag of meat
    14 | D        | Reached **** piety under Makhleb
    15 | D        | Reached XP level 16. HP: 94/94 MP: 0/0
    15 | D        | Reached ***** piety under Makhleb
    16 | D        | Reached XP level 17. HP: 99/99 MP: 0/0
    16 | D        | Learned a level 7 spell: Enfeeble
    16 | D        | Killed a large bag of meat
    16 | D        | Killed a meat berserker
    16 | D        | Killed a meat berserker
    16 | D        | Noticed a meat berserker
    17 | D        | Reached skill level 27 in Axes
    17 | D        | Reached skill level 27 in Dodging
    17 | D        | Reached skill level 27 in Spellcasting
    17 | D        | Reached XP level 18. HP: 124/124 MP: 0/0
    17 | D        | Reached ****** piety under Makhleb
    17 | D        | Noticed a meat berserker
    18 | D        | Reached XP level 19. HP: 140/140 MP: 0/0
    18 | D        | Learned a level 6 spell: Summon Cactus Giant
    18 | D        | Killed a meat berserker
    18 | D        | Killed a meat berserker
    19 | D        | Noticed a meat berserker
    20 | D        | Noticed a large bag of meat
    20 | D        | Noticed a large bag of meat
    22 | D        | Killed a large bag of meat
    23 | D        | Reached XP level 20. HP: 166/166 MP: 0/0
    23 | D        | Killed a meat berserker
    23 | D        | Killed a large bag of meat
    23 | D        | Noticed a meat berserker
    23 | D        | Noticed a meat berserker
    24 | D        | Reached XP level 21. HP: 179/179 MP: 0/0
    24 | D        | Learned a level 8 spell: Disjunction
    24 | D        | Noticed a meat berserker
    25 | D        | Noticed a large bag of meat
    26 | D        | Killed a meat berserker
    26 | D        | Killed a meat berserker
    26 | D        | Killed a meat berserker
    27 | D        | Reached skill level 27 in Fighting
    27 | D        | Reached skill level 27 in Armour
    27 | D        | Reached skill level 27 in Invocations
    27 | D        | Noticed a destroyer
    28 | D        | Reached skill level 27 in Stealth
    28 | D        | Reached XP level 22. HP: 194/194 MP: 0/0
    28 | D        | Noticed a destroyer
    29 | D        | Noticed a destroyer
    30 | D        | Killed a large bag of meat
    30 | D        | Noticed a destroyer
    31 | D        | Killed a destroyer
    32 | D        | Killed a destroyer
    32 | D        | Noticed a meat berserker
    33 | D        | Reached skill level 10 in Short Blades
    33 | D        | Reached skill level 10 in Long Blades
    33 | D        | Reached skill level 10 in Staves
    33 | D        | Reached skill level 10 in Shields
    33 | D        | Reached skill level 10 in Unarmed Combat
    33 | D        | Reached skill level 10 in Evocations
    33 | D        | Reached XP level 23. HP: 195/201 MP: 0/0
    33 | D        | Learned a level 8 spell: Borgnjor's Revivification
    33 | D        | Killed a destroyer
    33 | D        | Killed a destroyer
    35 | D        | Noticed a destroyer
    35 | D        | Noticed a destroyer
    37 | D        | Killed a destroyer
    38 | D        | Reached skill level 15 in Shields
    38 | D        | Reached skill level 15 in Unarmed Combat
    38 | D        | Reached skill level 15 in Evocations
    38 | D        | Reached XP level 24. HP: 208/208 MP: 0/0
    49 | D        | Noticed an accursed
    51 | D        | Noticed a tyrant
    53 | D        | Noticed a destroyer
    53 | D        | Noticed a destroyer
    56 | D        | Killed a destroyer
    57 | D        | Reached skill level 15 in Maces & Flails
    57 | D        | Reached skill level 15 in Polearms
    57 | D        | Reached skill level 15 in Ranged Weapons
    57 | D        | Reached skill level 15 in Throwing
    57 | D        | Killed a destroyer
    58 | D        | Reached XP level 25. HP: 214/214 MP: 0/0
    58 | D        | Learned a level 9 spell: Shatter
    60 | D        | Noticed an accursed
    61 | D        | Killed an accursed
    62 | D        | Reached XP level 26. HP: 221/221 MP: 0/0
    63 | D        | Noticed a large bag of meat
    64 | D        | Noticed a meat beast
    66 | D        | Noticed a dread
    66 | D        | Killed a dread
    67 | D        | Reached XP level 27. HP: 228/228 MP: 0/0
    67 | D        | Learned a level 9 spell: Death's Door
    67 | D        | Noticed a dread
    67 | D        | Killed a meat beast
    69 | D        | Killed a dread
    69 | D        | Killed a large bag of meat
    70 | D        | Reached skill level 27 in Shields
    70 | D        | Reached skill level 27 in Unarmed Combat
    70 | D        | Reached skill level 27 in Evocations
    78 | D        | Reached skill level 27 in Short Blades
    78 | D        | Reached skill level 27 in Long Blades
    78 | D        | Reached skill level 27 in Staves
    82 | D        | Noticed a tyrant
    83 | D        | Noticed a meat beast
    83 | D        | Noticed a tyrant
    85 | D        | Noticed The Servant
    86 | D        | Reached skill level 27 in Maces & Flails
    86 | D        | Reached skill level 27 in Polearms
    86 | D        | Reached skill level 27 in Ranged Weapons
    86 | D        | Reached skill level 27 in Throwing
    86 | D        | Killed a meat beast
    86 | D        | Killed a tyrant
    86 | D        | Killed The Servant
    87 | D        | Killed a tyrant
    88 | D        | Noticed a large bag of meat
    88 | D        | Noticed a tyrant
    88 | D        | Noticed a destroyer
    88 | D        | Noticed a large bag of meat
    88 | D        | Noticed an accursed
    88 | D        | Noticed a large bag of meat
    89 | D        | Killed an accursed
    89 | D        | Killed a large bag of meat
    90 | D        | Killed a destroyer
    90 | D        | Killed a large bag of meat
    90 | D        | Killed a large bag of meat
    90 | D        | Noticed a meat beast
    91 | D        | Noticed a destroyer
    91 | D        | Noticed a destroyer
    92 | D        | Killed a destroyer
    92 | D        | Noticed a destroyer
    93 | D        | Killed a destroyer
    94 | D        | Killed a meat beast
    94 | D        | Noticed a destroyer
    95 | D        | Killed a destroyer
    95 | D        | Killed a destroyer
    95 | D        | Killed a tyrant
   106 | D        | Noticed an accursed
   111 | D        | Killed an accursed
   114 | D        | Noticed a fleshlord
   115 | D        | Killed a fleshlord
   119 | D        | Noticed a fleshlord
   119 | D        | Killed a fleshlord
   122 | D        | Noticed a fleshlord
   123 | D        | Noticed a fleshlord
   123 | D        | Noticed a fleshlord
   128 | D        | Killed a fleshlord
   128 | D        | Killed a fleshlord
   130 | D        | Killed a fleshlord
   132 | D        | Noticed a tyrant
   133 | D        | Noticed a meat beast
   133 | D        | Noticed a meat beast
   134 | D        | Noticed a meat beast
   134 | D        | Noticed a fleshlord
   135 | D        | Noticed a dread
   137 | D        | Killed a fleshlord
   137 | D        | Killed a tyrant
   137 | D        | Killed a dread
   137 | D        | Noticed a large bag of meat
   138 | D        | Killed a large bag of meat
   138 | D        | Noticed an accursed
   139 | D        | Killed an accursed
   147 | D        | Noticed a fleshlord
   148 | D        | Noticed a fleshlord
   149 | D        | Noticed a fleshlord
   149 | D        | Killed a fleshlord
   149 | D        | Killed a fleshlord
   149 | D        | Killed a meat beast
   149 | D        | Killed a fleshlord
   149 | D        | Noticed a meat beast
   150 | D        | Killed a meat beast
   151 | D        | Killed a meat beast
   151 | D        | Noticed a destroyer
   152 | D        | Noticed a destroyer
   152 | D        | Killed a destroyer
   152 | D        | Killed a destroyer
   153 | D        | Noticed a destroyer
   153 | D        | Noticed a tyrant
   154 | D        | Noticed a destroyer
   156 | D        | Killed a destroyer
   157 | D        | Killed a destroyer
   159 | D        | Killed a tyrant
   159 | D        | Noticed a fleshlord
   161 | D        | Killed a fleshlord
   162 | D        | Noticed a fleshlord
   163 | D        | Killed a fleshlord
   171 | D        | Noticed a fleshlord
   171 | D        | Killed a fleshlord
   173 | D        | Noticed an accursed
   174 | D        | Killed an accursed
   174 | D        | Noticed a dread
   175 | D        | Killed a dread
   178 | D        | Noticed a dread
   178 | D        | Noticed a fleshlord
   178 | D        | Noticed a destroyer
   178 | D        | Noticed a fleshlord
   179 | D        | Noticed a destroyer
   179 | D        | Killed a destroyer
   179 | D        | Noticed a dread
   179 | D        | Noticed an accursed
   179 | D        | HP: 4/228 [observer/divine providence (14)]
   179 | D        | Noticed a dread
   180 | D        | Annihilated by a meat berserker

Illustrated notes

Levels and vault maps discovered:
D:        meatsprint

Skill      XL: |  1  2  3  4  5  6  7  8  9 10 11 12 13 14 15 16 17 18 19 20 21 22 23 24 25 26 27 |
---------------+----------------------------------------------------------------------------------+-----
Axes           | 16 18 21 24 26 27 | 27.0
Dodging        | 14 17 20 22 24 27 | 27.0
Spellcasting   | 15 17 20 22 24 27 | 27.0
Fighting       | 9 14 21 24 27 | 27.0
Armour         | 9 14 21 24 27 | 27.0
Stealth        | 8 12 19 22 27 | 27.0
Invocations    | 9 14 21 24 27 | 27.0
Short Blades   | 10 14 17 20 22 27 | 27.0
Long Blades    | 10 14 17 20 22 27 | 27.0
Maces & Flails | 9 13 16 19 20 27 | 27.0
Polearms       | 9 13 16 19 20 27 | 27.0
Staves         | 10 14 17 20 22 27 | 27.0
Ranged Weapons | 9 13 16 19 20 27 | 27.0
Throwing       | 9 13 16 19 20 27 | 27.0
Shields        | 10 15 19 22 24 27 | 27.0
Unarmed Combat | 10 15 19 22 24 27 | 27.0
Evocations     | 10 15 19 22 24 27 | 27.0

Action                     |  1- 3 |  4- 6 |  7- 9 | 10-12 | 13-15 | 16-18 | 19-21 | 22-24 | 25-27 || total
---------------------------+-------+-------+-------+-------+-------+-------+-------+-------+-------++-------
  Melee: Executioner's axe |     1 |       |       |     1 |     6 |    12 |    16 |    17 |   182 ||   235
   Cast: Manifold Assault  |       |       |       |       |     1 |     3 |     4 |     4 |    55 ||    67
  Dodge: Dodged            |       |       |       |       |     1 |       |       |       |     6 ||     7
